 Dungeon Crawl Stone Soup version 0.28-a0-863-g8cecda6153 (webtiles) character file.

Game seed: 15615917629783665300

50 vineage the Skirmisher (level 3, -2/29 HPs)
             Began as a Demonspawn Gladiator on Nov 18, 2021.
             Slain by a gnoll (5 damage)
             ... on level 2 of the Dungeon.
             The game lasted 00:01:04 (1140 turns).

vineage the Skirmisher (Demonspawn Gladiator)       Turns: 1140, Time: 00:01:04

Health: -2/29      AC:  4    Str: 15    XL:     3   Next: 55%
Magic:  3/3        EV: 12    Int:  9    God:
Gold:   37         SH:  0    Dex: 14    Spells: 2/2 levels left

rFire   . . .      SeeInvis .   a - +0 long sword
rCold   . . .      Faith    .   (no shield)
rNeg    . . .      Spirit   .   b - +0 leather armour
rPois   .          Reflect  .   c - +0 helmet
rElec   .          Harm     .   (no cloak)
rCorr   .          Rampage  .   (no gloves)
Will    .....                   (no boots)
Stlth   +.........              (no amulet)
HPRegen 0.09/turn               (no ring)
MPRegen 0.08/turn               (no ring)

@: flying
A: spiny 1
a: no special abilities


You were on level 2 of the Dungeon.
You visited 1 branch of the dungeon, and saw 2 of its levels.

You collected 37 gold pieces.

Inventory:

Hand Weapons
 a - a +0 long sword (weapon)
Missiles
 d - 3 throwing nets (quivered)
Armour
 b - a +0 leather armour (worn)
 c - a +0 helmet (worn)
Scrolls
 f - a scroll of enchant weapon {unknown}
 g - a scroll of identify {unknown}


   Skills:
 + Level 3.1 Fighting
 - Level 2.6 Long Blades
 - Level 1.7 Throwing
 + Level 2.0 Armour
 - Level 2.6 Dodging


You had 2 spell levels left.
You didn't know any spells.
Your spell library was empty.

Dungeon Overview and Level Annotations

Branches:
Dungeon (2/15)

Altars:


Innate Abilities, Weirdness & Mutations

You are partially covered in sharp spines.


Message History

The gnoll is struck by your spines.
You kill the gnoll!
Your Fighting skill increases to level 3!
The gnoll shouts!
The gnoll is struck by your spines. The gnoll hits you with a +0 spear.
You hit the gnoll.
The gnoll is moderately wounded.
The gnoll is struck by your spines. The gnoll hits you with a +0 spear.
The gnoll is struck by your spines. The gnoll hits you with a +0 spear.
You closely miss the gnoll.
The gnoll is heavily wounded.
The gnoll barely misses you.
You barely miss the gnoll.
The gnoll is heavily wounded.
The gnoll hits you with a +0 spear.
You hit the gnoll.
The gnoll is heavily wounded.
The gnoll barely misses you.
You hit the gnoll.
The gnoll is almost dead.
The gnoll is struck by your spines.
You kill the gnoll!
Your Armour skill increases to level 2!
You hit the gnoll.
The gnoll is lightly wounded.
The gnoll is struck by your spines. The gnoll hits you with a +0 flail!
* * * LOW HITPOINT WARNING * * *
The gnoll closely misses you.
You hit the gnoll.
The gnoll is severely wounded.
The gnoll is struck by your spines. The gnoll closely misses you.
The gnoll barely misses you. The gnoll misses you.
The gnoll hits you from afar with a +0 spear.
* * * LOW HITPOINT WARNING * * *
It was a potion of flight.
You feel very buoyant.
You fly up into the air.
The gnoll hits you but does no damage. x2
It was a potion of magic.
Magic courses through your body. The gnoll hits you with a +0 flail.
You die...

.g ..... .... g.. .... #.......
## ...##... #.......###. ..g....
#........... #.....##
#.#..##..... ###......#
#<#.........
...g...#.############.#..####.#.
#. #....gggg@......#..####.#.
####.###.#.##########........#...
.........#..#########........###.
................................>
####.##.........#.###........###.
###.##.........#.# #........# #.
................#.# #........# #.
####.......†....#.# #####........
#............#.# ########.


You could see 4 gnolls.

Vanquished Creatures
  2 gnolls (D:2)
  2 ball pythons (D:1)
  3 bats (D:1)
  An endoplasm (D:1)
  2 giant cockroaches
  A hobgoblin (D:2)
  4 jackals (D:1)
  A kobold (D:1)
  3 quokkas
  4 goblins (D:1)
  3 rats (D:1)
26 creatures vanquished.

Notes
Turn   | Place    | Note
-------+----------+-------------------------------------------
     0 | D:1      | vineage the Demonspawn Gladiator began the quest for the
                  | Orb.
     0 | D:1      | Reached XP level 1. HP: 16/16 MP: 1/1
    23 | D:1      | Found a faded altar of an unknown god.
    96 | D:1      | Reached skill level 1 in Armour
    96 | D:1      | Gained mutation: You are partially covered in sharp spines.
                  | [demonic ancestry]
    96 | D:1      | Reached XP level 2. HP: 6/23 MP: 2/2
  1037 | D:2      | Reached XP level 3. HP: 21/28 MP: 3/3
  1128 | D:2      | Reached skill level 3 in Fighting
  1140 | D:2      | Slain by a gnoll

Illustrated notes

Levels and vault maps discovered:
D:1:      minmay_arrival_doors, layout_basic, dreamdust_ecumenical_altar_grove
D:2:      layout_basic

Skill      XL: |  1  2  3 |
---------------+----------+-----
Armour         | 1 2 |  2.0
Fighting       | 3 |  3.1
Long Blades    | |  2.6
Throwing       | |  1.7
Dodging        | |  2.6

Action                   || total
-------------------------++-------
Melee: Long sword        ||    57
  Use: Potion            ||     2
Armor: Leather armour    ||    20
Dodge: Dodged            ||    45

Table legend: (Time is in decaauts)
 A = Elapsed time spent in this place.
 B = Non-inter-level travel time spent in this place.
 C = Inter-level travel time spent in this place.
 D = Time resting spent in this place.
 E = Time spent auto-exploring this place.
 F = Levels seen in this place.
 G = Mean time per level.
                   A        B        C        D        E       F      G
               +--------+--------+--------+--------+--------+-----+--------+
         Total |   1155 |   1153 |      2 |      0 |    988 |   2 |  577.5 |
       Dungeon |   1155 |   1153 |      2 |      0 |    988 |   2 |  577.5 |
               +--------+--------+--------+--------+--------+-----+--------+

Top non-repeatable levels by time:
     D:1: 921 daAuts
     D:2: 233 daAuts
